 Dungeon Crawl Stone Soup version 0.22-a0-612-gd2f0174 (webtiles) character file.

25 Supahsalami the Skirmisher (level 2, 0/24 HPs)
             Began as a Demonspawn Abyssal Knight on July 11, 2018.
             Was a Follower of Lugonu.
             Slain by a jackal (3 damage)
             ... on level 2 of the Dungeon.
             The game lasted 00:03:56 (1073 turns).

Supahsalami the Skirmisher (DsAK)                   Turns: 1073, Time: 00:03:57

Health: 0/24       AC:  3    Str: 12    XL:     2   Next: 86%
Magic:  4/4        EV: 11    Int: 13    God:    Lugonu [*.....]
Gold:   123        SH:  0    Dex: 12    Spells: 1/1 levels left

rFire    . . .     SeeInvis .   a - +1 hand axe
rCold    . . .     Gourm    .   (no shield)
rNeg     . . .     Faith    .   m - +0 leather armour
rPois    .         Spirit   .   (no helmet)
rElec    .         Reflect  .   (no cloak)
rCorr    .         Harm     .   (no gloves)
MR       .....                  (no boots)
Stlth    +.........             (no amulet)
HPRegen  0.08/turn              (no ring)
MPRegen  0.09/turn              (no ring)

@: drained
A: talons 1
a: Depart the Abyss, Renounce Religion


You were on level 2 of the Dungeon.
You worshipped Lugonu.
Lugonu was aware of your devotion.
You were hungry.

You visited 1 branch of the dungeon, and saw 2 of its levels.
You visited the Abyss 1 time.

You collected 123 gold pieces.

Inventory:

Hand Weapons
 a - a +1 hand axe (weapon)
 b - a +0 blowgun
Missiles
 j - 17 stones (quivered)
 n - 11 poisoned needles
Armour
 d - a +0 ring mail
 g - a +0 ring mail of fire resistance
 m - a +0 leather armour (worn)
Jewellery
 e - an uncursed ring of protection from magic {unknown}
Scrolls
 f - a scroll of fear {unknown}
 h - a scroll of identify {unknown}
 k - a scroll of blinking {unknown}
 o - a scroll of enchant armour {unknown}
Potions
 i - a potion of flight {unknown}
 l - a potion of cancellation {unknown}
Comestibles
 c - 2 rations


   Skills:
 + Level 3.2(3.0) Fighting
 * Level 2.3(2.2) Axes
 + Level 2.1(1.9) Armour
 - Level 0.8(0.7) Dodging
 + Level 2.9(2.8) Invocations


You had one spell level left.
You didn't know any spells.
Your spell library was empty.

Dungeon Overview and Level Annotations

Branches:
Dungeon (2/15)

Altars:


Innate Abilities, Weirdness & Mutations

You have sharp toenails.


Message History

You are too injured to fight recklessly!
You are too injured to fight recklessly!
You are too injured to fight recklessly!
The bat completely misses you. The bat closely misses you.
You hit the bat.
You kill the bat!
Lugonu accepts your kill. The jackal bites you.
* * * LOW HITPOINT WARNING * * *
You barely miss the jackal.
You are feeling hungry.
The jackal bites you.
* * * LOW HITPOINT WARNING * * *
The jackal bites you.
* * * LOW HITPOINT WARNING * * *
The jackal misses you. The jackal barely misses you.
Okay, then.
The jackal bites you.
You die...

#..........# ##........##
#######[........##
#................# ..
.#####..........# ..#
#..........# #..#
#..........# #### ...
#..........#
#....####.####.@.....<.##
#............hh#......##
#.....#####..##########
.....### ##r#
#####...####.#
...........#.#######
########....K......#
##..........#
####.......#


You could see 2 jackals.

Vanquished Creatures
  7 bats
  2 giant cockroaches (D:1)
  A goblin (D:1)
  4 hobgoblins (D:1)
  2 frilled lizards
  7 kobolds
  3 rats
26 creatures vanquished.

Notes
Turn   | Place    | Note
-------+----------+-------------------------------------------
     0 | Abyss:1  | Supahsalami the Demonspawn Abyssal Knight began the quest for the Orb.
     0 | Abyss:1  | Reached XP level 1. HP: 18/18 MP: 2/2
    56 | Abyss:1  | Noticed a smoke demon
   108 | Abyss:1  | Noticed a small abomination
   112 | Abyss:1  | Noticed a wretched star
   115 | Abyss:1  | Noticed a small abomination
   115 | D:1      | Escaped the Abyss
   384 | D:1      | Gained mutation: You have sharp toenails. [demonic ancestry]
   384 | D:1      | Reached XP level 2. HP: 24/24 MP: 4/4
   437 | D:1      | Reached * piety under Lugonu
  1073 | D:2      | Slain by a jackal

Vault maps used:
D:1:      dpeg_arrival_pond, minmay_tetromino_i2
Abyss:1:  gammafunk_corrupted_shrine

Skill      XL: |  1  2 |
---------------+-------+-----
Axes           | 2 |  2.3
Armour         | 2 |  2.1
Fighting       | |  3.2
Dodging        | |  0.8
Invocations    | |  2.9

Action                   || total
-------------------------++-------
Melee: Hand axe          ||    58
       Kick              ||     7
Invok: Depart the Abyss  ||     1
Armor: Leather armour    ||    22
Dodge: Dodged            ||    91

Table legend:
 A = Spawn XP
 B = Non-spawn XP
 C = Spawn XP percentage of total XP
 D = Spawn monster count
 E = Non-spawn monster count
 F = Spawn count percentage of total count
 G = Total turns spent on level
                    A         B        C        D         E        F      G
               +---------+---------+-------+---------+---------+-------+---------
         Total |       0 |      37 |   0.0 |       0 |      26 |   0.0 |  1073
               +---------+---------+-------+---------+---------+-------+---------
           D:1 |       0 |      29 |   0.0 |       0 |      19 |   0.0 |   827
           D:2 |       0 |       8 |   0.0 |       0 |       7 |   0.0 |   131
               +---------+---------+-------+---------+---------+-------+---------
